woodfighter, chaotic female giant Barbarian --------------- |.@M^^^^^^^^^<| |(.------------ --.....|>.%..| |..``.|..`..| |.`...|%`$`.| |--.-------.-- |....|..|....| |.`..|..%%``.| |.`.....(..`.| |....--------- ------ woodfighter the Bandit Experience level: 7 Strength: 18/01 Dexterity: 15 Constitution: 20 Intelligence: 9 Wisdom: 7 Charisma: 6 Health: 0(72) Energy: 14(14) Def: 11 Gold: 811 Moves: 10339 Dungeon seed: HLEWe9rpXsYVGcB_ Game ID: woodfighter_1598129892 Your Inventory: Coins $ - 811 gold pieces Weapons a - a +0 battle-axe (weapon in hand) b - a +0 short sword (alternate weapon; not wielded) Armor e - an uncursed +0 dented pot (being worn) j - an uncursed +0 cloak of invisibility q - an uncursed +0 pair of leather gloves s - an uncursed +0 mummy wrapping Z - an uncursed +0 cloak of displacement Comestibles o - an uncursed eucalyptus leaf L - 5 uncursed food rations W - an uncursed magic bean Scrolls c - an uncursed scroll of punishment g - an uncursed scroll of enchant armor h - an uncursed scroll of magic mapping m - 2 uncursed scrolls of light w - an uncursed scroll of teleportation z - a blessed scroll of light A - a cursed scroll of blank paper G - 2 blessed scrolls of blank paper H - 2 uncursed scrolls of blank paper P - an uncursed scroll of destroy armor T - 2 uncursed scrolls of earth U - an uncursed scroll of scare monster X - 4 uncursed scrolls of identify Spellbooks k - an uncursed spellbook of create monster n - an uncursed spellbook of detect monsters O - an uncursed spellbook of force bolt Potions d - an uncursed potion of gain ability p - an uncursed potion of extra healing u - an uncursed potion of speed x - a blessed potion of hallucination B - an uncursed potion of monster detection I - 2 uncursed potions of hallucination K - an uncursed potion of object detection Q - an uncursed potion of water S - an uncursed potion of healing Rings i - an uncursed ring of levitation t - a cursed -2 ring of gain constitution C - an uncursed ring of polymorph control R - an uncursed ring of shock resistance Wands l - a wand of secret door detection (0:13) v - a wand of digging (0:8) E - a wand of enlightenment (0:13) J - a wand of teleportation (0:7) Gems f - an uncursed worthless piece of yellowish brown glass M - an uncursed touchstone N - an uncursed worthless piece of orange glass V - an uncursed worthless piece of yellow glass Boulders/Statues r - an uncursed boulder y - an uncursed boulder D - an uncursed boulder F - an uncursed boulder Y - an uncursed boulder Spells and supernatural/magical abilities: Name Level Category Fail Memory W - pray for help -- divine ? -- Your skills at the end: Miscellaneous Skills bare handed combat [Basic] Weapon Skills axe [Skilled] short sword [Basic] sling [Basic] Spellcasting Skills Final Attributes: You were piously aligned. You were poison resistant. You were telepathic. You had infravision. You were stealthy. You aggravated monsters. You were fast. You are dead. Vanquished creatures: a small mimic a shocking sphere a large cat 2 giant beetles 2 panthers an iron piercer an owlbear a dingo a gnome mummy a human zombie a yellow light a wood nymph 3 Uruk-hai a rock mole a fog cloud a gnome lord a guardian naga hatchling a ghoul a paper golem 6 giant ants 2 floating eyes a homunculus a kobold shaman 2 iguanas 3 hill orcs 4 rothes a rabid rat a jitterbug a giant bat a monkey a wererat 3 gas spores a hobbit 3 acid blobs 6 geckos a hobgoblin a giant rat 4 cave spiders 3 yellow molds 2 red molds 8 garter snakes 13 manes 12 jackals a kobold 8 newts a goblin 2 sewer rats 7 grid bugs 12 lichens 3 kobold zombies 138 creatures vanquished. Voluntary challenges: You did not cause conflict. You were not invisible. You did not have reflection. You were not displaced. You used a wielded weapon 157 times, starting on turn 65. You did not apply a unicorn horn. You did not use plumbed fixtures. You did not drink any magical draughts. You were illiterate. You never genocided any monsters. You never polymorphed an object. You never changed form. You used no wishes. You never split a pudding. You never wrote Elbereth's name. You never violated your personal moral code. Dungeon overview: The Dungeons of Doom: levels 1 to 10 Level 1 (vault) an altar to Set, a sink a long staircase Level 2 an altar to Mitra, a fountain Level 3 some fountains stairs to The Gnomish Mines Level 4 a fountain Level 5 (shop) an altar to Mitra, a fountain Level 6 Level 7 a general store Level 8 (water) Level 9 many fountains Level 10 a fountain stairs to Sokoban The Gnomish Mines: Level 4 stairs to The Dungeons of Doom Sokoban: Level 9 <- You were here a magic chest stairs to The Dungeons of Doom History has recorded: On T:1 you entered the Dungeons of Doom to retrieve the Amulet of Yendor! On T:2652 you advanced to experience level 2. On T:3929 you reached level 2 of The Dungeons of Doom. On T:4104 you advanced to experience level 3. On T:4236 you reached level 3 of The Dungeons of Doom. On T:4404 you prayed to Set. On T:5185 you reached level 1 of The Gnomish Mines. On T:5455 you reached level 4 of The Dungeons of Doom. On T:5960 you advanced to experience level 4. On T:6136 you reached level 5 of The Dungeons of Doom. On T:6395 you reached level 6 of The Dungeons of Doom. On T:6465 you advanced to experience level 5. On T:6745 you prayed to Set. On T:7404 you reached level 7 of The Dungeons of Doom. On T:8086 you advanced to experience level 6. On T:8128 you reached level 8 of The Dungeons of Doom. On T:9088 you reached level 9 of The Dungeons of Doom. On T:9735 you advanced to experience level 7. On T:10011 you reached level 10 of The Dungeons of Doom. On T:10266 you reached level 4 of Sokoban. Score breakdown: Gold: 811 ( 81 points) Experience: 7 levels ( 600 points) Exploration: 10 levels ( 270 points) Discoveries: 37 items ( 1850 points) Variety of kills: 50 monsters ( 2000 points) Major goal: (nothing yet) ( 0 points) Survival: died (score multiplied by 3) Total score: 14403 Latest messages: You drop an egg. L - a food ration. T - 2 scrolls called 200er 1. You stop searching. (2x) You swing your battle-axe in a wide arc. You kill the dingo! There are a few objects here. Your knapsack cannot accommodate any more items. You see here a brass ring. This lichen corpse tastes terrible! You finish eating the lichen corpse. i - a brass ring. With little effort you move the boulder. The boulder fills a pit. You swing your battle-axe in a wide arc. You smite the ettin mummy! The ettin mummy misses. The ettin mummy scratches you! You swing your battle-axe in a wide arc. You smite the ettin mummy! The ettin mummy scratches you! You die... Final status: Goodbye woodfighter the Barbarian, killed by an ettin mummy... You died in Sokoban on dungeon level 9 with 14403 points, and 811 pieces of gold, after 10339 moves. You were level 7 with a maximum of 72 hit points when you died.